 Dungeon Crawl Stone Soup version 0.16.1-18-g436b03c (webtiles) character file.

198 theElss the Skirmisher (level 5, 0/34 HPs)
             Began as a Gargoyle Berserker on Apr 28, 2015.
             Was a Priest of Trog.
             Killed from afar by Sigmund (4 damage)
             ... with a puff of flame
             ... on level 3 of the Dungeon.
             The game lasted 00:10:06 (2511 turns).

theElss the Skirmisher (Gargoyle Berserker)         Turns: 2511, Time: 00:10:06

Health: 0/34       AC:  9    Str: 20    XL:     5   Next: 76%
Magic:  5/5        EV: 11    Int:  8    God:    Trog [***...]
Gold:   78         SH:  0    Dex: 10    Spells: 0 memorised, 4 levels left

rFire  . . .     SeeInvis .     a - +0 mace
rCold  . . .     Clarity  +     p - +0 ring mail
rNeg   + . .     SustAb   .     (no shield)
rPois  ∞         Gourm    .     (no helmet)
rElec  +         Spirit   .     (no cloak)
rCorr  .         Warding  .     (no gloves)
rMut   .         Stasis   .     (no boots)
MR     .....                    g - amulet of clarity
Stlth  ..........               (no ring)
                                (no ring)

@: not resistant to hostile enchantments, extremely unstealthy
A: negative energy resistance 1, electricity resistance, unbreathing,
petrification resistance, rot immunity, AC +4
a: Burn Spellbooks, Berserk, Trog's Hand, Renounce Religion


You were on level 3 of the Dungeon.
You worshipped Trog.
Trog was most pleased with you.
You were hungry.

You visited 1 branch of the dungeon, and saw 4 of its levels.

You collected 78 gold pieces.

Inventory:

Hand weapons
 a - a +0 mace (weapon)
Armour
 b - a +0 animal skin
 p - a +0 ring mail (worn)
Jewellery
 g - an amulet of clarity (around neck)
Magical devices
 f - a wand of disintegration (18)
 j - a wand of digging (6)
Scrolls
 h - a scroll of remove curse
 l - a scroll of teleportation
 q - a scroll of identify {unknown}
Potions
 e - a potion of beneficial mutation {unknown}
 i - a potion of invisibility {unknown}
 k - 4 potions of brilliance {unknown}
 n - 3 potions of curing {unknown}
 o - a potion of berserk rage {unknown}
Comestibles
 c - 2 bread rations
 m - 2 fruits


   Skills:
 + Level 4.4 Fighting
 * Level 4.4 Maces & Flails
 + Level 3.1 Armour
 + Level 2.6 Dodging


You had 4 spell levels left.
You didn't know any spells.

Dungeon Overview and Level Annotations

Branches:
Dungeon (4/15)
 Temple: D:4-7

Altars:
Nemelex Xobeh

Annotations:
D:3 Sigmund
D:4 drasked's ghost, experienced GrBe


Innate Abilities, Weirdness & Mutations

You are resistant to torment.
You are immune to poison.
Your stone body is very resilient (AC +4).
You resist negative energy.
You are resistant to electric shocks.
You can survive without breathing.
You are immune to petrification.
You are immune to rotting.


Message History

You are feeling hungry.
Unknown command.
Drasked's ghost turns its malevolent gaze towards you.
Drasked's ghost says, "I'll split you in two!"
Drasked's ghost closely misses you.
There is a stone staircase leading up here.
Drasked's ghost hits you!
You climb upwards.
Level annotation: Sigmund Sigmund gestures at you while chanting.
The puff of flame misses you.
There is a stone staircase leading down here.
Sigmund casts a spell at you. The puff of flame hits you!
* * * LOW HITPOINT WARNING * * *
Unknown command.
There is a stone staircase leading up here.
Sigmund points at you and mumbles some strange words.
The puff of flame hits you!
You die...

#.# ###.### #.....#
#.....# #.....# ###
#.....# #.# #.....#
#@# #.....#
#####.#####.....######
#.....................
#.###.#######'########
#.###.######..########
#.
#>...@.........)......
..#
#.##..####...#....####
.. #..#..##..........#
#.#..#..####.#$.....#


You could see Sigmund.

Vanquished Creatures
  2 hounds
  Terence (D:2)
  4 adders
  A worm (D:2)
  3 giant geckos (D:2)
  2 oozes
  A ball python (D:3)
  4 giant cockroaches
  13 hobgoblins
  9 jackals (D:1)
  12 kobolds
  5 bats
  2 giant newts
  11 goblins
  8 rats
78 creatures vanquished.

Notes
Turn   | Place    | Note
--------------------------------------------------------------
     0 | D:1      | theElss, the Gargoyle Berserker, began the quest for the Orb.
     0 | D:1      | Reached XP level 1. HP: 14/14 MP: 1/1
   218 | D:1      | Reached XP level 2. HP: 17/19 MP: 2/2
   421 | D:1      | Acquired Trog's second power
   421 | D:1      | Reached XP level 3. HP: 23/23 MP: 3/3
   759 | D:2      | Noticed Terence
   774 | D:2      | Killed Terence
   774 | D:2      | Reached skill level 4 in Fighting
   985 | D:2      | Reached XP level 4. HP: 27/29 MP: 4/4
  1653 | D:2      | Found a sparkling altar of Nemelex Xobeh.
  1965 | D:3      | Reached XP level 5. HP: 22/34 MP: 5/5
  2438 | D:3      | Noticed Sigmund
  2482 | D:4      | Noticed drasked's ghost (experienced GrBe)
  2511 | D:3      | Killed from afar by Sigmund

Action                   |  1- 3 |  4- 6 || total
-------------------------+-------+-------++-------
Melee: Mace              |   106 |   167 ||   273
Invok: Berserk           |     3 |     1 ||     4
  Use: Scroll            |       |     5 ||     5
  Eat: Chunk             |     3 |     6 ||     9
